 Dungeon Crawl Stone Soup version 0.19.5 (webtiles) character file.

56870 Locuples the Severer (level 14, -1/199 HPs)
             Began as a Minotaur Fighter on May 9, 2017.
             Was the Champion of the Shining One.
             Slain by a 19-headed hydra (8 damage)
             ... on level 3 of the Lair of Beasts on May 25, 2017.
             The game lasted 01:01:48 (16304 turns).

Locuples the Severer (Minotaur Fighter)            Turns: 16304, Time: 01:01:50

Health: -1/199     AC: 27    Str: 24    XL:     14   Next: 43%
Magic:  13/13      EV:  2    Int:  9    God:    the Shining One [******]
Gold:   845        SH: 17    Dex: 20    Spells: 0 memorised, 13 levels left

rFire  x . .     SeeInvis .     U - +3 hand axe
rCold  + . .     Gourm    .     (armour currently unavailable)
rNeg   + + +     Faith    .     J - +3 shield "Raolug" {Regen+ Dex+6}
rPois  +         Spirit   .     (helmet currently unavailable)
rElec  .         Reflect  .     (cloak currently unavailable)
rCorr  .         Harm     .     (gloves currently unavailable)
MR     ++...     NoTele   +     (boots currently unavailable)
Stlth  +.........               (no amulet)
                                a - ring of protection from magic
                                l - ring of Xathemog {rPois rF- rC+ rN+ Int+4}

@: tree-form, glowing
A: (retaliatory headbutt), (horns 0), (iridescent scales 0), agile 2, blink,
(cold resistance 0), deterioration 1, weak 1, wild magic 1
a: Blink, Divine Shield, Cleansing Flame, Summon Divine Warrior, Brand Weapon
With Holy Wrath, Renounce Religion


You were on level 3 of the Lair of Beasts.
You worshipped the Shining One.
The Shining One was exalted by your worship.
You were not hungry.
You were a tree.
You visited 2 branches of the dungeon, and saw 19 of its levels.

You collected 1217 gold pieces.
You spent 372 gold pieces at shops.

Inventory:

Hand Weapons
 U - a +3 hand axe (weapon)
Armour
 b - the +2 ratskin cloak (melded) {rPois rN+ Int-1 Dex-1}
   (You found it on level 1 of the Lair of Beasts)

   It affects your intelligence (-1).
   It affects your dexterity (-1).
   It protects you from poison.
   It protects you from negative energy.
 i - a +0 hat (melded)
 y - a +2 pair of gloves (melded)
 J - the +3 shield "Raolug" (worn) {Regen+ Dex+6}
   (You found it on level 7 of the Dungeon)

   It affects your dexterity (+6).
   It increases your rate of regeneration.
 Q - a +1 plate armour (melded)
Jewellery
 a - a ring of protection from magic (right branch)
 l - the ring of Xathemog (left branch) {rPois rF- rC+ rN+ Int+4}
   (You found it on level 3 of the Lair of Beasts)

   [ring of poison resistance]

   It affects your intelligence (+4).
   It makes you vulnerable to fire.
   It protects you from cold.
   It protects you from poison.
   It protects you from negative energy.
 v - an uncursed ring of protection from cold
 F - an uncursed ring of protection from fire
 K - an uncursed ring of fire {unknown}
 O - an uncursed ring of see invisible
Wands
 E - a wand of digging (9/24)
Scrolls
 h - 3 scrolls of fear
 k - 4 scrolls of remove curse
 p - 6 scrolls of fog
 q - 2 scrolls of enchant armour
 r - 4 scrolls of blinking
 w - 8 scrolls of recharging
 x - 3 scrolls of teleportation
 z - 6 scrolls of magic mapping
 B - a scroll of acquirement
 D - 10 scrolls of enchant weapon
 M - a scroll of identify
 W - a scroll of vulnerability {unknown}
 Z - a scroll of amnesia
Potions
 d - 3 potions of curing
 n - 5 potions of flight
 o - a potion of resistance {unknown}
 t - a potion of degeneration {unknown}
 u - 3 potions of brilliance
 A - a potion of magic
Books
 c - a book of Geomancy

   Spells                             Type                      Level
   a - Sandblast                      Earth                        1
   b - Passwall                       Transmutation/Earth          2
   c - Stone Arrow                    Conjuration/Earth            3
   d - Petrify                        Transmutation/Earth          4
   e - Lee's Rapid Deconstruction     Earth                        5
 e - a book of Callings

   Spells                             Type                      Level
   a - Summon Small Mammal            Summoning                    1
   b - Call Imp                       Summoning                    2
   c - Call Canine Familiar           Summoning                    3
   d - Summon Guardian Golem          Hexes/Summoning              3
   e - Summon Lightning Spire         Summoning/Air                4
   f - Summon Ice Beast               Ice/Summoning                4
 C - a book of Ice

   Spells                             Type                      Level
   a - Ice Form                       Ice/Transmutation            4
   b - Metabolic Englaciation         Hexes/Ice                    5
   c - Ozocubu's Refrigeration        Ice                          6
   d - Bolt of Cold                   Conjuration/Ice              6
   e - Freezing Cloud                 Conjuration/Ice/Air          6
   f - Simulacrum                     Ice/Necromancy               6
 H - a book of Maledictions

   Spells                             Type                      Level
   a - Corona                         Hexes                        1
   b - Ensorcelled Hibernation        Hexes/Ice                    2
   c - Confuse                        Hexes                        3
   d - Tukima's Dance                 Hexes                        3
   e - Dazzling Spray                 Conjuration/Hexes            3
 R - a book of Enchantments

   Spells                             Type                      Level
   a - Cause Fear                     Hexes                        4
   b - Yara's Violent Unravelling     Hexes/Transmutation          5
   c - Silence                        Hexes/Air                    5
   d - Deflect Missiles               Charms/Air                   6
   e - Discord                        Hexes                        8
 X - a Fen Folio

   Spells                             Type                      Level
   a - Corpse Rot                     Necromancy                   2
   b - Stone Arrow                    Conjuration/Earth            3
   c - Leda's Liquefaction            Hexes/Earth                  4
   d - Summon Forest                  Summoning/Translocation      5
   e - Hydra Form                     Transmutation                6
   f - Summon Hydra                   Summoning                    7
Comestibles
 f - 13 bread rations
 g - 15 fruits
 j - 9 royal jellies
 m - 4 meat rations
 G - 3 slices of pizza
 I - 10 beef jerkies


   Skills:
 + Level 14.5 Fighting
 + Level 18.4 Axes
 + Level 13.6 Armour
 + Level 12.8 Shields


You had 13 spell levels left.
You didn't know any spells.

Dungeon Overview and Level Annotations

Branches:
Dungeon (15/15)            Temple (0/1) D:5            Lair (4/6) D:11
  Swamp (0/4) Lair:3        Snake (0/4) Lair:3          Orc (0/2) D:11
 Vaults (0/5) D:13         Depths (0/5) D:15

Altars:
Ashenzari
Cheibriados
Elyvilon
Fedhas
Gozag
Makhleb
Nemelex Xobeh
Okawaru
Ru
Trog
Uskayaw
Vehumet
Xom
Yredelemnul
The Shining One
Beogh

Shops:
D:4 (   D:7 ?   D:10 =

Annotations:
D:12 Sonja


Innate Abilities, Weirdness & Mutations

((You reflexively headbutt those who attack you in melee.))
((You have a pair of horns on your head.))
((You are partially covered in iridescent scales. (AC +2)))
You are very agile. (Dex +4)
You can translocate small distances at will.
((Your flesh is cold resistant. (rC+)))
Your body sometimes deteriorates upon taking damage.
You are weak. (Str -2)
Your spells are a little harder to cast, but a little more powerful.


Message History

The 19-headed hydra bites you.
* * * LOW HITPOINT WARNING * * *
You block the 19-headed hydra's attack.
The 19-headed hydra bites you but does no damage. x2
The 19-headed hydra bites you.
* * * LOW HITPOINT WARNING * * *
The 19-headed hydra bites you but does no damage.
You slash the blink frog!
The blink frog is almost dead.
You hit the 19-headed hydra.
The blink frog blinks!
You block the 19-headed hydra's attack. x2; The 19-headed hydra bites you.
* * * LOW HITPOINT WARNING * * *
The 19-headed hydra bites you but does no damage.
The 19-headed hydra bites you!
* * * LOW HITPOINT WARNING * * *
The 19-headed hydra bites you but does no damage.
The 19-headed hydra completely misses you.
The 19-headed hydra bites you but does no damage. x2
The 19-headed hydra bites you!
You die...

.#P...##..........# ##.##
..>............>.P########...#
###########♣................P#
....# ♣♣.....####.#.....#
....# ♣♣.....# ##.#...## ...(#
♣P.F..P# ####[..# .†..#
♣P♣♣.§.# ##..## ''### ♣♣
♣♣D### ####...# ).♣
♣♣#.###.###..# ..♣♣
♣♣§...........# .♣.♣
♣.............# .♣♣♣
♣♣.#F.###.#...### ♣..♣#
♣.##..####...#.# ♣♣..#
♣♣.########....## .♣♣.# ♣..##
#.....## ♣..♣# ♣♣..# ###...#
#### #♣.## ##...#


You could see a 19-headed hydra and 2 blink frogs.

Vanquished Creatures
  Gastronok (Lair:2)
  The ghost of raetorn the Blocker, a journeyman DDFi of Makhleb (D:15)
  Nessos (D:15)
  Snorg (Lair:3)
  Josephine (D:15)
  4 vault guards (D:13)
  2 rakshasas (D:15)
  A hydra (D:13)
  2 centaur warriors (D:13)
  Erolcha (D:9)
  2 tengu warriors (D:14)
  A swamp dragon (Lair:3)
  An unseen horror (D:10)
  Pikel (D:8)
  A glowing orange brain (D:15)
  An orc knight (D:15)
  4 hill giants
  3 deep elf magi
  3 ugly things
  3 manticores
  6 cyclopes
  5 centaur zombies
  A guardian serpent (shapeshifter) (D:15)
  A spiny frog (Lair:1)
  A gargoyle (D:12)
  A komodo dragon (shapeshifter) (D:15)
  A yaktaur (shapeshifter) (D:15)
  3 efreet (D:14)
  5 yaktaurs (D:15)
  3 komodo dragons
  2 tengu conjurers (D:14)
  A queen bee (shapeshifter) (D:15)
  3 trolls
  A queen bee (Lair:1)
  2 trolls (shapeshifter)
  A blink frog (Lair:4)
  4 two-headed ogres
  A hornet (D:12)
  Prince Ribbit (D:9)
  8 slime creatures
  A wind drake (shapeshifter) (D:15)
  6 hippogriffs
  A tarantella (shapeshifter) (D:15)
  3 shadows
  4 wraiths (D:15)
  A vampire (D:15)
  A wyvern (Lair:3)
  33 yaks
  Grum (D:9)
  A human (shapeshifter) (D:13)
  3 basilisks
  A steam dragon (D:12)
  3 hungry ghosts
  5 vampire mosquitoes (D:13)
  Menkaure (D:4)
  5 wargs
  7 water moccasins
  3 soldier ants
  4 porcupines (Lair:2)
  2 black bears
  10 ice beasts
  6 orc warriors
  5 sky beasts
  2 slaves (D:8)
  2 phantoms
  A necrophage (D:15)
  6 wolves
  8 centaurs
  7 ogres
  3 eyes of draining
  4 crocodiles
  3 big kobolds (D:9)
  The ghost of dark4128 the Covert, an amateur SpAs (D:4)
  12 bullfrogs
  2 wyvern zombies
  3 wyvern skeletons
  4 scorpions
  34 killer bees
  11 wights
  2 howler monkeys
  3 bullfrog zombies
  5 crimson imps
  5 hounds
  A quasit (D:7)
  4 centaur skeletons
  4 jellies
  13 orc priests
  9 iguanas
  Natasha (D:2)
  12 orc wizards
  9 worker ants
  A killer bee zombie (D:8)
  A hound zombie (D:9)
  A hound skeleton (D:10)
  A worker ant zombie (D:10)
  14 adders
  2 howler monkey skeletons
  A shadow imp (D:15)
  An adder skeleton (D:6)
  3 worms
  3 dart slugs
  6 leopard geckos
  45 orcs
  4 giant cockroaches
  6 goblins
  9 hobgoblins
  5 jackals (D:9)
  8 quokkas
  A ball python (D:6)
  6 bats
  5 frilled lizards
  17 kobolds
  12 rats
  2 butterflies (Lair:1)
  5 fungi
523 creatures vanquished.

Vanquished Creatures (others)
  A quasit (D:8)
  A jackal (D:9)
  A frilled lizard (Lair:3)
  A fungus (Lair:1)
4 creatures vanquished.

Grand Total: 527 creatures vanquished

Notes
Turn   | Place    | Note
-------+----------+-------------------------------------------
     0 | D:1      | Locuples the Minotaur Fighter began the quest for the Orb.
     0 | D:1      | Reached XP level 1. HP: 19/19 MP: 0/0
   254 | D:1      | Reached XP level 2. HP: 27/27 MP: 1/1
   634 | D:2      | Reached skill level 3 in Axes
   714 | D:2      | Reached XP level 3. HP: 33/33 MP: 2/2
  1055 | D:2      | Noticed Natasha
  1061 | D:2      | Killed Natasha
  1061 | D:2      | Reached skill level 4 in Axes
  1061 | D:2      | Reached XP level 4. HP: 31/41 MP: 3/3
  1271 | D:3      | Found a radiant altar of Vehumet.
  1276 | D:3      | Found a white marble altar of Elyvilon.
  1276 | D:3      | Found an iron altar of Okawaru.
  1280 | D:3      | Reached XP level 5. HP: 44/47 MP: 4/4
  1330 | D:3      | Reached skill level 5 in Axes
  1484 | D:3      | Reached skill level 5 in Fighting
  1696 | D:3      | Found a snail-covered altar of Cheibriados.
  1704 | D:3      | Reached skill level 6 in Axes
  1858 | D:4      | Noticed dark4128's ghost (amateur SpAs)
  1861 | D:4      | Killed dark4128's ghost
  1861 | D:4      | Reached XP level 6. HP: 54/56 MP: 5/5
  2073 | D:4      | Reached skill level 7 in Axes
  2073 | D:4      | Reached skill level 5 in Armour
  2315 | D:4      | Noticed Menkaure
  2324 | D:4      | Killed Menkaure
  2324 | D:4      | Reached XP level 7. HP: 20/61 MP: 6/6
  2563 | D:4      | Found Cude's Antique Weapon Shop.
  2747 | D:5      | Entered Level 5 of the Dungeon
  2842 | D:5      | Found a staircase to the Ecumenical Temple.
  2904 | D:5      | Found a sacrificial altar of Ru.
  2906 | D:5      | Found an iron altar of Okawaru.
  2910 | D:5      | Found a white marble altar of Elyvilon.
  2911 | D:5      | Found a radiant altar of Vehumet.
  2911 | D:5      | Found a shimmering altar of Xom.
  2911 | D:5      | Found a burning altar of Makhleb.
  2911 | D:5      | Found a shattered altar of Ashenzari.
  2911 | D:5      | Found a sparkling altar of Nemelex Xobeh.
  2911 | D:5      | Found a basalt altar of Yredelemnul.
  2911 | D:5      | Found a bloodstained altar of Trog.
  2911 | D:5      | Found a blossoming altar of Fedhas.
  2911 | D:5      | Found a glowing golden altar of the Shining One.
  2919 | D:5      | Became a worshipper of the Shining One
  2963 | D:5      | Reached skill level 8 in Axes
  3318 | D:5      | Reached XP level 8. HP: 45/70 MP: 7/7
  3757 | D:6      | Reached skill level 9 in Axes
  3818 | D:6      | Reached * piety under the Shining One
  4194 | D:6      | Found an opulent altar of Gozag.
  4532 | D:6      | Reached skill level 10 in Axes
  4930 | D:7      | Found Haluoh's Magic Scroll Emporium.
  4939 | D:7      | Bought a scroll of remove curse for 33 gold pieces
  4939 | D:7      | Bought a scroll of remove curse for 33 gold pieces
  4939 | D:7      | Bought a scroll of identify for 22 gold pieces
  4939 | D:7      | Bought a scroll of enchant weapon for 82 gold pieces
  4939 | D:7      | Bought a scroll of identify for 22 gold pieces
  4940 | D:7      | Noticed a hippogriff
  4948 | D:7      | Killed a hippogriff
  5133 | D:7      | Reached XP level 9. HP: 64/79 MP: 8/8
  5187 | D:7      | Reached skill level 11 in Axes
  5196 | D:7      | Gained mutation: Your mind is acute. (Int +2) [mutagenic meat]
  5197 | D:7      | Gained mutation: You are partially covered in iridescent scales. (AC +2) [mutagenic meat]
  5198 | D:7      | Gained mutation: You are resistant to electric shocks. (rElec) [mutagenic meat]
  5199 | D:7      | Gained mutation: You are agile. (Dex +2) [mutagenic meat]
  5200 | D:7      | Gained mutation: You are robust. (+10% HP) [mutagenic meat]
  5250 | D:7      | Got a shimmering shield
  5261 | D:7      | Identified the +3 shield "Raolug" {Regen+ Dex+6} (You found it on level 7 of the Dungeon)
  5485 | D:7      | Found a radiant altar of Vehumet.
  5877 | D:8      | Noticed Pikel
  5891 | D:8      | Killed Pikel
  5891 | D:8      | Reached skill level 12 in Axes
  6497 | D:8      | Reached ** piety under the Shining One
  6543 | D:9      | Noticed Erolcha
  6552 | D:9      | Noticed Prince Ribbit
  6564 | D:9      | Killed Erolcha
  6564 | D:9      | Reached skill level 13 in Axes
  6564 | D:9      | Reached XP level 10. HP: 47/99 MP: 9/9
  6569 | D:9      | Killed Prince Ribbit
  6722 | D:9      | Reached skill level 14 in Axes
  6757 | D:9      | Gained mutation: You are resistant to hostile enchantments. (MR+) [mutagenic meat]
  6759 | D:9      | Gained mutation: You expend magic power (3 MP) to strengthen your wands. [mutagenic meat]
  6805 | D:9      | Noticed Grum
  6827 | D:9      | Killed Grum
  6904 | D:9      | Reached *** piety under the Shining One
  6917 | D:9      | Reached skill level 10 in Fighting
  7160 | D:9      | Found a hide-covered altar of Uskayaw.
  7254 | D:10     | Entered Level 10 of the Dungeon
  7295 | D:10     | Reached XP level 11. HP: 101/110 MP: 10/10
  7298 | D:10     | Reached skill level 15 in Axes
  7489 | D:10     | Found Ynumiom's Jewellery Boutique.
  7510 | D:10     | Bought an uncursed ring of see invisible for 180 gold pieces
  7522 | D:10     | Noticed an unseen horror
  7531 | D:10     | Killed an unseen horror
  7826 | D:10     | Noticed a hill giant
  7831 | D:10     | Killed a hill giant
  7936 | D:11     | Found a staircase to the Orcish Mines.
  7964 | D:11     | Found a roughly hewn altar of Beogh.
  8008 | D:11     | Noticed a hill giant
  8017 | D:11     | Killed a hill giant
  8025 | D:11     | Reached skill level 10 in Armour
  8037 | D:11     | Found a staircase to the Lair.
  8337 | D:11     | Reached **** piety under the Shining One
  8549 | D:12     | Reached skill level 16 in Axes
  8580 | D:12     | Noticed a hill giant
  8595 | D:12     | Reached skill level 5 in Shields
  8598 | D:12     | Killed a hill giant
  8873 | D:12     | Noticed Sonja
  9604 | D:13     | Noticed a six-headed hydra
  9616 | D:13     | Killed a 15-headed hydra
  9616 | D:13     | Reached XP level 12. HP: 60/121 MP: 11/11
  9723 | D:13     | Gained mutation: Scrolls take you a little longer to read. [mutagenic meat]
  9771 | D:13     | Found a gate to the Vaults.
  9771 | D:13     | Reached ***** piety under the Shining One
  9771 | D:13     | Noticed a centaur warrior
  9771 | D:13     | Noticed a vault guard
  9771 | D:13     | Noticed a vault guard
  9771 | D:13     | Noticed a vault guard
  9771 | D:13     | Noticed a vault guard
  9787 | D:13     | Killed a vault guard
  9800 | D:13     | Killed a vault guard
  9825 | D:13     | Killed a vault guard
  9835 | D:13     | Killed a centaur warrior
  9856 | D:13     | Killed a vault guard
  9898 | D:13     | Gained mutation: You are very agile. (Dex +4) [mutagenic meat]
  9899 | D:13     | Gained mutation: Armour fits poorly on your strangely shaped body. [mutagenic meat]
  9901 | D:13     | Gained mutation: Your spells are a little harder to cast, but a little more powerful. [mutagenic meat]
 10152 | D:13     | Reached skill level 17 in Axes
 10246 | D:13     | Noticed a centaur warrior
 10261 | D:13     | Killed a centaur warrior
 10517 | D:13     | Lost mutation: You are robust. (+10% HP) [mutagenic meat]
 10639 | D:14     | Noticed a tengu warrior
 10645 | D:14     | Noticed a tengu warrior
 10668 | D:14     | Lost mutation: Your mind is acute. (Int +2) [potion of cure mutation]
 10668 | D:14     | Lost mutation: Armour fits poorly on your strangely shaped body. [potion of cure mutation]
 10668 | D:14     | Lost mutation: You expend magic power (3 MP) to strengthen your wands. [potion of cure mutation]
 10668 | D:14     | Lost mutation: You are resistant to hostile enchantments. (MR+) [potion of cure mutation]
 10668 | D:14     | Lost mutation: Scrolls take you a little longer to read. [potion of cure mutation]
 10670 | D:14     | Killed a tengu warrior
 10684 | D:14     | Killed a tengu warrior
 10684 | D:14     | Reached XP level 13. HP: 95/119 MP: 12/12
 11265 | D:14     | Reached skill level 10 in Shields
 11658 | D:15     | Entered Level 15 of the Dungeon
 11796 | D:15     | Gained mutation: You can translocate small distances at will. [mutagenic meat]
 11799 | D:15     | Gained mutation: Your flesh is cold resistant. (rC+) [mutagenic meat]
 11800 | D:15     | Gained mutation: You are weak. (Str -2) [mutagenic meat]
 11801 | D:15     | Gained mutation: Your magical capacity is low. (-10% MP) [mutagenic meat]
 11806 | D:15     | Noticed Nessos
 11848 | D:15     | Killed Nessos
 11865 | D:15     | Gained mutation: You are frail. (-10% HP) [mutagenic meat]
 11866 | D:15     | Gained mutation: Your body sometimes deteriorates upon taking damage. [mutagenic meat]
 12025 | D:15     | Noticed raetorn's ghost (journeyman DDFi)
 12633 | D:15     | Killed raetorn's ghost
 12696 | D:15     | Noticed Josephine
 12696 | D:15     | Reached ****** piety under the Shining One
 12714 | D:15     | Killed Josephine
 12811 | D:15     | Reached skill level 18 in Axes
 13199 | D:15     | Identified a scroll of acquirement
 13323 | D:15     | Found a staircase to the Depths.
 13375 | D:15     | Reached XP level 14. HP: 29/117 MP: 11/11
 13403 | D:15     | Lost mutation: You are frail. (-10% HP) [mutagenic meat]
 13404 | D:15     | Lost mutation: Your magical capacity is low. (-10% MP) [mutagenic meat]
 13405 | D:15     | Lost mutation: You are resistant to electric shocks. (rElec) [mutagenic meat]
 13666 | Lair:1   | Entered Level 1 of the Lair of Beasts
 14869 | Lair:2   | Noticed Gastronok
 14889 | Lair:2   | Killed Gastronok
 15271 | Lair:3   | Noticed Snorg
 15288 | Lair:3   | Killed Snorg
 15408 | Lair:3   | Got a steaming tin ring
 15415 | Lair:3   | Identified the ring of Xathemog {rPois rF- rC+ rN+ Int+4} (You found it on level 3 of the Lair of Beasts)
 15527 | Lair:3   | Found a staircase to the Snake Pit.
 15630 | Lair:3   | Found a staircase to the Swamp.
 16304 | Lair:3   | HP: 7/199 [19-headed hydra (8)]
 16304 | Lair:3   | Slain by a 19-headed hydra

Skill      XL: |  1  2  3  4  5  6  7  8  9 10 11 12 13 14 |
---------------+-------------------------------------------+-----
Armour         | 4 5 6 7 9 10 11 13 | 13.6
Fighting       | 4 5 6 7 8 10 11 12 13 14 | 14.5
Axes           | 3 4 6 7 8 10 13 14 16 17 18 | 18.4
Shields        | 6 9 11 12 | 12.8

Action                   |  1- 3 |  4- 6 |  7- 9 | 10-12 | 13-15 || total
-------------------------+-------+-------+-------+-------+-------++-------
Melee: War axe           |    77 |   132 |   232 |   277 |       ||   718
       Headbutt          |     5 |    20 |    54 |   209 |   336 ||   624
       Hand axe          |       |       |       |   344 |   950 ||  1294
Invok: Divine Shield     |       |       |       |     1 |     1 ||     2
 Abil: Blink             |       |       |       |       |     1 ||     1
  Use: Scroll            |       |       |    12 |     3 |     7 ||    22
       Potion            |       |       |       |     7 |     7 ||    14
  Eat: Chunk             |       |     5 |    15 |    29 |    25 ||    74
       Pizza             |       |       |     1 |       |       ||     1
       Fruit             |       |       |     2 |       |     7 ||     9
Armor: Scale mail        |    32 |    57 |    96 |       |       ||   185
       Chain mail        |       |       |     5 |    88 |       ||    93
       Plate armour      |       |       |       |   158 |   313 ||   471
       Skin              |       |       |       |       |    30 ||    30
Dodge: Dodged            |    22 |    34 |    56 |    78 |   129 ||   319
Block: Shield            |    40 |    62 |   131 |   399 |   528 ||  1160
